 Dungeon Crawl Stone Soup version 0.29-a0-892-g2c4c91d9db (webtiles) character file.

Game seed: 9739325501464955925

341 jimonade the Shooter (level 6, -1/48 HPs)
             Began as a Formicid Hunter on July 23, 2022.
             Slain by an orc priest
             ... wielding a +0 hand axe
              (3 damage)
             ... on level 3 of the Dungeon.
             The game lasted 00:06:34 (3067 turns).

jimonade the Shooter (Formicid Hunter)              Turns: 3067, Time: 00:06:34

Health: -1/48      AC:  3    Str: 15    XL:     6   Next: 87%
Magic:  6/6        EV: 11    Int: 11    God:
Gold:   91         SH:  4    Dex: 17    Spells: 5/5 levels left

rFire   . . .      SeeInvis +   a - +0 shortbow
rCold   . . .      Faith    .   q - +0 buckler
rNeg    . . .      Spirit   .   c - +0 leather armour
rPois   .          Reflect  .   (helmet unavailable)
rElec   .          Harm     .   (no cloak)
rCorr   .          Rampage  .   (no gloves)
Will    .....                   (no boots)
Stlth   ++........              (no amulet)
HPRegen 0.16/turn               (no ring)
MPRegen 0.10/turn               (no ring)

@: no status effects
A: permanent stasis, dig shafts and tunnels, antennae 3, four strong arms
a: Dig, Shaft Self


You were on level 3 of the Dungeon.
You visited 1 branch of the dungeon, and saw 4 of its levels.

You collected 91 gold pieces.

Inventory:

Hand Weapons
 a - a +0 shortbow (weapon)
 b - a +0 quarterstaff
 g - a +0 short sword
Missiles
 k - 10 poisoned darts
Armour
 c - a +0 leather armour (worn)
 i - a +0 scale mail
 q - a +0 buckler (worn)
Scrolls
 d - a scroll of noise {unknown}
 e - 3 scrolls of identify {unknown}
 f - 2 scrolls of vulnerability {unknown}
 j - a scroll of enchant armour {unknown}
 n - a scroll of acquirement {unknown}
 o - a scroll of immolation
Potions
 h - 2 potions of brilliance {unknown}
 l - a potion of heal wounds {unknown}
 m - a potion of mutation {unknown}
 r - 2 potions of berserk rage {unknown}


   Skills:
 * Level 4.0 Fighting
 + Level 6.5 Ranged Weapons
 + Level 1.2 Armour
 + Level 1.9 Dodging
 - Level 1.2 Stealth
 * Level 1.3 Shields
 + Level 0.7 Evocations


You had 5 spell levels left.
You didn't know any spells.
Your spell library contained the following spells:

 Spells                   Type           Power      Damage    Failure   Level
 Iskenderun's Battlesphe  Conj           0%         2d6       100%        5
 Iron Shot                Conj/Erth      0%         9d1       100%        6
 Spellforged Servitor     Conj/Summ      0%         N/A       100%        7


Dungeon Overview and Level Annotations

Branches:
Dungeon (4/15)
 Temple: D:4-7

Altars:
Elyvilon
Ru


Innate Abilities, Weirdness & Mutations

You cannot be hasted, slowed, berserked, paralysed or teleported.
You can dig through walls and to a lower floor.
You have a pair of large antennae on your head. (SInv)
Your four strong arms can wield two-handed weapons with a shield.


Message History

Pain shoots through your body!
You shoot an arrow. The arrow hits the orc priest!
You kill the orc priest!
You shoot an arrow. The arrow hits the orc priest.
The orc priest is moderately wounded.
You block the orc priest's attack.
You shoot an arrow. The arrow hits the orc priest.
The orc priest is severely wounded.
The orc priest invokes the aid of Beogh against you.
Pain shoots through your body!
You are too injured to fight recklessly!
You are too injured to fight recklessly!
You are too injured to fight recklessly!
Unknown command.
Fire: a) +0 shortbow
Press: ? - help, Q - select action, (/) - cycle Shift-Dir - straight line, f/p - orc priest
Aim: an orc priest, wielding a +0 flail (severely wounded, 64% to hit)
Okay, then.
Aiming: Corrosive Bolt
Press: ? - help, Shift-Dir - straight line, f/p - orc priest
Aim: an orc priest, wielding a +0 flail (severely wounded, 71% to hit)
The bolt of acid misses the orc priest.
The orc priest closely misses you.
The orc priest calls down the wrath of Beogh upon you.
Beogh smites you!
* * * LOW HITPOINT WARNING * * *
Aiming: Corrosive Bolt
Press: ? - help, Shift-Dir - straight line, f/p - orc priest
Aim: an orc priest, wielding a +0 flail (severely wounded, 71% to hit)
The bolt of acid hits the orc priest!
You kill the orc priest!
Your Fighting skill increases to level 4!
Aiming: Corrosive Bolt
Press: ? - help, Shift-Dir - straight line, f - orc priest
Aim: an orc priest, wielding a +0 hand axe and wearing a +0 leather armour (71% to hit)
The bolt of acid misses the orc priest.
The orc priest closely misses you.
Aiming: Corrosive Bolt
Press: ? - help, Shift-Dir - straight line, p - orc priest The now-empty wand crumbles to dust.
The orc priest hits you with a +0 hand axe.
You die...

#........
##########........
#.....).).....>...
#.################
#)# #.# #.#
#######.#
#.....)@#
#.#####o#####
#)#.....)...##
#...#######o.#
#..###$⌠$###.#
#..##.....##.#
#..#.......#.#
#.o#.#...#.#o#
#.o#.......#{#


You could see an orc priest.

Vanquished Creatures
  A gnoll sergeant (D:4)
  A jelly (D:4)
  A hound (D:4)
  2 orc priests (D:3)
  Terence (D:3)
  An orc wizard (D:3)
  3 adders
  2 gnolls (D:4)
  2 worms
  6 orcs (D:3)
  5 endoplasms
  2 giant cockroaches
  3 goblins
  4 hobgoblins
  4 kobolds
  2 quokkas
  4 ball pythons
  5 bats
  3 frilled lizards
  6 rats
58 creatures vanquished.

Vanquished Creatures (others)
  4 demonic plants (D:4)
4 creatures vanquished.

Grand Total: 62 creatures vanquished

Notes
Turn   | Place    | Note
-------+----------+-------------------------------------------
     0 | D:1      | jimonade the Formicid Hunter began the quest for the Orb.
     0 | D:1      | Reached XP level 1. HP: 16/16 MP: 1/1
   212 | D:1      | Reached XP level 2. HP: 22/22 MP: 2/2
   485 | D:1      | Found a faded altar of an unknown god.
   571 | D:2      | Reached XP level 3. HP: 24/28 MP: 3/3
   820 | D:2      | Found a sacrificial altar of Ru.
   989 | D:2      | You fall into a shaft and drop 2 floors!
  1077 | D:4      | Reached skill level 5 in Ranged Weapons
  1077 | D:4      | Reached XP level 4. HP: 18/34 MP: 4/4
  1391 | D:4      | Noticed a gnoll sergeant
  1494 | D:4      | Killed a gnoll sergeant
  1495 | D:4      | Reached XP level 5. HP: 41/41 MP: 5/5
  1741 | D:4      | Reached skill level 6 in Ranged Weapons
  2013 | D:4      | Reached skill level 1 in Armour
  2133 | D:3      | Reached XP level 6. HP: 42/47 MP: 6/6
  2312 | D:3      | Found a white marble altar of Elyvilon.
  2533 | D:3      | Reached skill level 1 in Shields
  2581 | D:3      | Noticed Terence
  2594 | D:3      | Killed Terence
  3064 | D:3      | HP: 1/48 [orc priest/divine providence (14)]
  3067 | D:3      | Slain by an orc priest

Illustrated notes

Levels and vault maps discovered:
D:1:      dpeg_arrival_castle, layout_rooms, shapermc_ecumenical_altar_acropolis
D:2:      layout_basic, basic_altar
D:3:      cheibrodos_pilgrimage, layout_basic, mainiacjoe_overflow_tiny_flanked,
          minmay_misc_feat_roman, st_stairs_8, uniq_terence
D:4:      layout_cave_pods, serial_demonic, serial_demonic_f, serial_demonic_d,
          serial_demonic_d, serial_demonic_b

Skill      XL: |  1  2  3  4  5  6 |
---------------+-------------------+-----
Ranged Weapons | 5 6 |  6.5
Fighting       | 3 4 |  4.0
Armour         | 1 |  1.2
Shields        | 1 |  1.3
Dodging        | |  1.9
Stealth        | |  1.2
Evocations     | |  0.7

Action                   |  1- 3 |  4- 6 || total
-------------------------+-------+-------++-------
 Fire: Shortbow          |    66 |   122 ||   188
Evoke: Wand              |       |    10 ||    10
Armor: Leather armour    |     6 |    10 ||    16
Dodge: Dodged            |    22 |    23 ||    45
Block: Buckler           |       |     6 ||     6

Table legend: (Time is in decaauts)
 A = Elapsed time spent in this place.
 B = Non-inter-level travel time spent in this place.
 C = Inter-level travel time spent in this place.
 D = Time resting spent in this place.
 E = Time spent auto-exploring this place.
 F = Levels seen in this place.
 G = Mean time per level.
                   A        B        C        D        E       F      G
               +--------+--------+--------+--------+--------+-----+--------+
         Total |   3120 |   3082 |     38 |    836 |   1243 |   4 |  780.0 |
       Dungeon |   3120 |   3082 |     38 |    836 |   1243 |   4 |  780.0 |
               +--------+--------+--------+--------+--------+-----+--------+

Top non-repeatable levels by time:
     D:4: 1100 daAuts
     D:3: 1013 daAuts
     D:1: 578 daAuts
     D:2: 428 daAuts
